[Event "Team 45 45 League T37"]
[Site "Internet Chess Club"]
[Date "2008.05.05"]
[Round "2"]
[White "cityprosecutor"]
[Black "Archdruid"]
[Result "1-0"]
[WhiteElo "1801"]
[BlackElo "1745"]
[Opening "Sicilian defense"]
[ECO "B20"]
[Time "16:23:02"]
[TimeControl "2700+45"]

1. e4 c5 2. d3 Nc6 3. g3 g6 4. f4 Bg7 5. Bg2 Qa5+ 6. c3 b5 7. Nf3 b4 8. Bd2 bxc3
9. Bxc3 Bxc3+ 10. Nxc3 Rb8 11. Qd2 Nd4 12. O-O Nxf3+ 13. Bxf3 d6 14. e5 Qb6 15.
Rf2 e6 16. Ne4 dxe5 17. fxe5 Kf8 18. Bg2 Bd7 19. Nd6 Be8 20. Qf4 Qc7 21. Raf1 f5
22. exf6 Bf7 23. Qe5 Qb6 24. Nc4 Qb5 25. Qd6+ Ke8 26. Bc6+ {Black resigns} 1-0

[Event "Team 45 45 League T37"]
[Site "Internet Chess Club"]
[Date "2008.05.02"]
[Round "2"]
[White "rubashov"]
[Black "mickeys"]
[Result "0-1"]
[WhiteElo "1591"]
[BlackElo "1759"]
[Opening "French: Tarrasch, Guimard variation"]
[ECO "C04"]
[Time "19:01:12"]
[TimeControl "2700+45"]

1. e4 e6 2. d4 d5 3. Nd2 Nc6 4. c3 e5 5. exd5 Qxd5 6. dxe5 Nxe5 7. Ngf3 Bg4 8.
Be2 Nd3+ 9. Bxd3 Qxd3 10. Qe2+ Qxe2+ 11. Kxe2 O-O-O 12. Re1 Nf6 13. h3 Re8+ 14.
Kf1 Rxe1+ 15. Kxe1 Bf5 16. Nd4 Bd7 17. N2f3 c5 18. Nb3 Bd6 19. Be3 Re8 20. Kf1
b6 21. Rd1 Bb5+ 22. Kg1 Kc7 23. Ng5 Re7 24. Nc1 Rd7 25. Rd2 h6 26. Nf3 Bc6 27.
Nd3 Bxf3 28. gxf3 Nd5 29. Kg2 Bf4 30. Re2 Bxe3 31. fxe3 Nxc3 {White resigns} 0-1

[Event "Team 45 45 League T37"]
[Site "Internet Chess Club"]
[Date "2008.04.30"]
[Round "2"]
[White "ChessChamp"]
[Black "OOB1"]
[Result "1/2-1/2"]
[WhiteElo "1608"]
[BlackElo "1560"]
[Opening "Sicilian defense"]
[ECO "B32"]
[Time "20:29:24"]
[TimeControl "2700+45"]

1. e4 c5 2. Nf3 Nc6 3. d4 cxd4 4. Nxd4 a6 5. Nc3 e5 6. Nf5 d6 7. Be3 Nf6 8. f3
Be6 9. Bg5 Bxf5 10. exf5 Be7 11. Bd3 Nd7 12. Bxe7 Qxe7 13. Qd2 Nd4 14. Nd5 Qd8
15. Qc3 Rc8 16. Qb4 Nc5 17. Ne3 Qd7 18. O-O-O O-O 19. Kb1 a5 20. Qe1 Nxd3 21.
Rxd3 b5 22. g4 Nxf3 23. Qd1 Qc6 24. Rxd6 Qe4 25. Nd5 Kh8 26. Nc3 Qb4 27. a3 Qxg4
28. Rd3 e4 29. Nxe4 Qxe4 30. Qxf3 Qc4 31. Rc3 Qa4 32. Rg1 Qd4 33. Rg4 Qf6 34.
Rxc8 Rxc8 35. Qd3 Qc6 36. Rd4 h6 37. Rd5 b4 38. axb4 axb4 39. h4 {Game drawn by
mutual agreement} 1/2-1/2

[Event "Team 45 45 League T37"]
[Site "Internet Chess Club"]
[Date "2008.05.05"]
[Round "2"]
[White "gotcha"]
[Black "theartist"]
[Result "0-1"]
[WhiteElo "1413"]
[BlackElo "1182"]
[Opening "Queen's pawn game"]
[ECO "A46"]
[Time "10:14:51"]
[TimeControl "2700+45"]

1. d4 Nf6 2. Nf3 e6 3. Bf4 b6 4. Nbd2 Bb7 5. e3 Be7 6. Bd3 Nh5 7. Be5 d6 8. Bg3
Nd7 9. Bh4 Bxh4 10. Nxh4 Qxh4 11. Nf3 Qe7 12. O-O Nhf6 13. Re1 Ne4 14. c3 O-O
15. Qc2 f5 16. c4 c5 17. d5 exd5 18. cxd5 Bxd5 19. Rad1 Ndf6 20. b3 Rad8 21. Nh4
g6 22. f3 Ng5 23. Bc4 Bxc4 24. Qxc4+ Qe6 25. Qa6 Rd7 26. Rc1 d5 27. b4 c4 28. e4
fxe4 29. Qa4 b5 30. Qc2 d4 31. a4 a6 32. Qd2 e3 {White resigns} 0-1

[Event "Team 45 45 League T37"]
[Site "Internet Chess Club"]
[Date "2008.05.06"]
[Round "2"]
[White "sean98"]
[Black "nanning"]
[Result "1/2-1/2"]
[WhiteElo "1592"]
[BlackElo "1640"]
[Opening "Ruy Lopez: closed, 9.h3"]
[ECO "C92"]
[Time "15:00:11"]
[TimeControl "2700+45"]

1. e4 e5 2. Nf3 Nc6 3. Bb5 a6 4. Ba4 Nf6 5. O-O Be7 6. Re1 b5 7. Bb3 d6 8. c3
O-O 9. h3 Qd7 10. d4 Re8 11. Ng5 Nd8 12. Nd2 h6 13. Ngf3 Bf8 14. Bc2 Bb7 15. Nh4
Ne6 16. Nf1 Nd8 17. Qf3 exd4 18. cxd4 Ne6 19. Be3 Nh7 20. Qf5 Rad8 21. e5 Neg5
22. Qxd7 Rxd7 23. exd6 Bxd6 24. Bxg5 Rxe1 25. Rxe1 hxg5 26. Re8+ Nf8 27. Nf5 g6
28. Nh6+ Kg7 29. Ng4 Ne6 30. Ne5 Rd8 31. Rxd8 Nxd8 32. Nf3 Ne6 33. Ng3 Bxf3 34.
gxf3 Nxd4 35. Be4 c6 36. Kg2 f5 37. Bb1 c5 38. Nf1 c4 39. Ne3 a5 40. Nd5 b4 41.
Nb6 c3 42. bxc3 bxc3 43. Nc4 Bb4 44. Ne3 f4 45. Nc2 Nc6 46. Kf1 Kf6 47. Ke2 Ke5
48. Kd3 Bc5 49. Kxc3 Bxf2 50. Kd3 Ne7 51. Na3 Nc6 52. Nc4+ Kd5 53. Nd2 Ne5+ 54.
Ke2 Be3 55. Be4+ Kc5 56. Nb3+ Kb4 57. Bd5 a4 58. Nd2 Kc5 59. Be4 Kb4 60. Bd5 Kc5
61. Be4 Kb4 62. Nf1 Ka3 63. Bd5 Kb2 64. Nxe3 fxe3 65. Kxe3 a3 66. Ke4 Nd7 67.
Ke3 Nb6 68. Bb3 Nd7 69. Kd4 Nf6 70. Ke5 Nh5 71. Ke6 Nf4+ 72. Kf6 Nxh3 73. Kxg6
Ng1 74. Kxg5 Nxf3+ 75. Kf4 Nd2 76. Bg8 Nb1 77. Ke3 Nc3 78. Kd2 Nxa2 79. Bxa2
Kxa2 80. Kc2 Ka1 81. Kc1 Ka2 82. Kc2 Ka1 83. Kc1 Ka2 84. Kc2 {Game drawn by
repetition} 1/2-1/2

[Event "Team 45 45 League T37"]
[Site "Internet Chess Club"]
[Date "2008.05.03"]
[Round "2"]
[White "SATELLITE-DAN"]
[Black "kingphisch"]
[Result "1/2-1/2"]
[WhiteElo "1649"]
[BlackElo "1442"]
[Opening "QGD Slav: 4.e3"]
[ECO "D11"]
[Time "13:11:49"]
[TimeControl "2700+45"]

1. Nf3 c6 2. c4 d5 3. d4 Nf6 4. e3 a6 5. Nc3 Bg4 6. h3 Bh5 7. Be2 Nbd7 8. O-O e6
9. Ne5 Bxe2 10. Qxe2 Bd6 11. f4 O-O 12. b3 Bb4 13. Bd2 Bxc3 14. Bxc3 Ne4 15. Be1
Ndf6 16. Rf3 Rc8 17. Rc1 b5 18. c5 a5 19. a3 Ne8 20. Ng4 f6 21. Nf2 f5 22. Nxe4
fxe4 23. Rg3 Nf6 24. Rg5 Ra8 25. Bh4 Qd7 26. Rf1 h6 27. Rg6 Qf7 28. Rg3 Nh5 29.
Rg4 Nf6 30. Bxf6 Qxf6 31. Qe1 a4 32. Qf2 {Game drawn by mutual agreement}
1/2-1/2

[Event "Team 45 45 League T37"]
[Site "Internet Chess Club"]
[Date "2008.05.03"]
[Round "2"]
[White "oldsj"]
[Black "ZiggyStardust"]
[Result "1/2-1/2"]
[WhiteElo "1474"]
[BlackElo "1582"]
[Opening "Ruy Lopez: Berlin defense"]
[ECO "C65"]
[Time "10:03:14"]
[TimeControl "2700+45"]

1. e4 e5 2. Nf3 Nc6 3. Bb5 Nf6 4. c3 a6 5. Ba4 Bc5 6. d4 exd4 7. e5 Qe7 8. O-O
Ng4 9. Bg5 Qe6 10. cxd4 Nxd4 11. Nxd4 Qc4 12. Bb3 Qxd4 13. Qf3 O-O 14. Nc3 Qxe5
15. Qxg4 d5 16. Qf4 Bd6 17. Qxe5 Bxe5 18. Bxd5 c6 19. Bb3 Bf5 20. Rfe1 Rfe8 21.
Rad1 h6 {Game drawn by mutual agreement} 1/2-1/2

[Event "Team 45 45 League T37"]
[Site "Internet Chess Club"]
[Date "2008.04.30"]
[Round "2"]
[White "RealChosenOne"]
[Black "littleboo"]
[Result "1-0"]
[WhiteElo "1594"]
[BlackElo "1443"]
[Opening "Giuoco Pianissimo"]
[ECO "C50"]
[Time "16:04:19"]
[TimeControl "2700+45"]

1. e4 e5 2. Nf3 Nc6 3. Bc4 Bc5 4. d3 Nf6 5. Bg5 d6 6. a3 Be6 7. Bxe6 fxe6 8. c3
d5 9. Nbd2 O-O 10. O-O h6 11. Bh4 Qd7 12. Qe2 Qd6 13. Rfe1 Nd7 14. Bg3 Qe7 15.
exd5 exd5 16. d4 exd4 17. Qxe7 Bxe7 18. Nxd4 Bg5 19. Ne6 Bxd2 20. Nxf8 Rxf8 21.
Red1 Bf4 22. Bxf4 Rxf4 23. Rxd5 Nde5 24. Re1 Rf5 25. Kf1 g6 26. b3 Kf7 27. g3
Nf3 28. Rd7+ Kf8 29. Re3 Nxh2+ 30. Kg2 Ng4 31. Re2 Rf7 32. Rd3 Kg7 33. b4 Nge5
34. Rd5 Nc4 35. b5 N6a5 36. a4 Nb6 37. Rd4 Nb3 38. Rb4 Nc5 39. a5 Nd5 40. Rc4
Nb3 41. Ra2 a6 42. bxa6 bxa6 43. Rc6 Rf6 44. Rxf6 Kxf6 45. c4 Ne7 46. Ra3 Nd2
47. Ra4 Nc6 48. f3 Ke5 49. Kf2 Kd4 50. c5+ Nc4 51. g4 g5 52. Kg3 Kxc5 53. f4 Kb5
54. Ra2 gxf4+ 55. Kxf4 N6xa5 56. Rh2 Nb3 57. Rxh6 a5 58. g5 Kc5 59. g6 Nb6 60.
Rh5+ Nd5+ 61. Rxd5+ Kxd5 62. g7 a4 63. g8=Q+ Kc5 64. Qf8+ Kc4 65. Qf7+ Kb4 66.
Qxc7 a3 67. Qd6+ Ka4 68. Qc6+ Kb4 69. Qd6+ Ka4 70. Qa6+ Kb4 71. Kg4 Nc5 72. Qb6+
Kc4 73. Qa5 Nb3 74. Qxa3 {Black resigns} 1-0

[Event "Team 45 45 League T37"]
[Site "Internet Chess Club"]
[Date "2008.05.06"]
[Round "2"]
[White "nursey"]
[Black "jacknor"]
[Result "1-0"]
[WhiteElo "1715"]
[BlackElo "1642"]
[Opening "Nimzo-Indian: Fischer variation"]
[ECO "E43"]
[Time "10:02:30"]
[TimeControl "2700+45"]

1. d4 Nf6 2. c4 e6 3. Nc3 Bb4 4. e3 b6 5. Qb3 Qe7 6. Nf3 Ne4 7. Bd3 Bxc3+ 8.
bxc3 Bb7 9. Ba3 d6 10. Bxe4 Bxe4 11. O-O c5 12. Nd2 Bb7 13. dxc5 dxc5 14. Rad1
O-O 15. Nf3 Nc6 16. Qc2 Na5 17. Ne5 Qg5 18. f4 Qh6 19. e4 Ba6 20. Qd3 f6 21. Ng4
Qg6 22. Ne3 Qe8 23. Bc1 Rd8 24. Qe2 Qa4 25. Qg4 Bc8 26. Qe2 f5 27. exf5 exf5 28.
Rfe1 Qe8 29. Rxd8 Qxd8 30. Nd5 Kf7 31. Qh5+ Kg8 32. Ne7+ Kh8 33. Ng6+ Kg8 34.
Nxf8 Qxf8 35. Re8 {Black resigns} 1-0

[Event "Team 45 45 League T37"]
[Site "Internet Chess Club"]
[Date "2008.05.05"]
[Round "2"]
[White "badmove"]
[Black "rayonline53"]
[Result "1/2-1/2"]
[WhiteElo "1636"]
[BlackElo "1686"]
[Opening "Sicilian: Alapin's variation (2.c3)"]
[ECO "B22"]
[Time "15:54:28"]
[TimeControl "2700+45"]

1. e4 c5 2. c3 d6 3. d4 cxd4 4. cxd4 g6 5. Bd3 Bg7 6. Nf3 Nf6 7. h3 O-O 8. O-O
Nbd7 9. Nc3 a6 10. Be3 b5 11. Rc1 Bb7 12. d5 Rc8 13. Qd2 Nc5 14. b4 Nxd3 15.
Qxd3 Nd7 16. Qd2 Nb6 17. Bh6 Nc4 18. Qf4 Ne5 19. Nxe5 Bxe5 20. Qe3 Bg7 21. Bxg7
Kxg7 22. Ne2 Qd7 23. Rxc8 Rxc8 24. Rc1 Rxc1+ 25. Nxc1 Qc8 26. a3 Qc2 27. Ne2 Qc4
28. Ng3 e6 29. Qb6 {Game drawn by mutual agreement} 1/2-1/2

[Event "Team 45 45 League T37"]
[Site "Internet Chess Club"]
[Date "2008.05.04"]
[Round "2"]
[White "vaknight"]
[Black "quotha"]
[Result "0-1"]
[WhiteElo "1523"]
[BlackElo "1542"]
[Opening "Bird's opening"]
[ECO "A02"]
[Time "09:02:46"]
[TimeControl "2700+45"]

1. f4 Nc6 2. Nf3 e6 3. e3 Bc5 4. d4 Bb6 5. c3 d5 6. Bd3 Nf6 7. O-O Ne7 8. Ne5 c5
9. g4 c4 10. Bc2 Ng6 11. Nd2 Nxe5 12. fxe5 Ng8 13. Qf3 Qe7 14. e4 h5 15. Rf2
hxg4 16. Qxg4 Nh6 17. Qg3 Bd7 18. Kh1 O-O-O 19. Nf3 Bc6 20. exd5 Bxd5 21. Bxh6
gxh6 22. Qf4 Rdg8 23. Rg1 h5 24. Rfg2 Rxg2 25. Rxg2 Bd8 26. Be4 Qd7 27. Kg1 Bxe4
28. Qxe4 Qa4 29. a3 Qd1+ 30. Kf2 Rf8 31. Rg1 Qb3 32. Qe2 h4 33. Qd2 Qb6 34. Ke2
Qc6 35. Qe3 Qb5 36. Qc1 f5 37. exf6 Qf5 38. Rf1 Qd3+ 39. Ke1 Rxf6 40. Qd2 Rxf3
41. Qxd3 Rxd3 42. Rf7 Rh3 43. Rf2 Bc7 44. Rf8+ Kd7 45. Rf7+ Kd6 46. Kd1 Rxh2 47.
Kc1 a6 48. Rh7 b5 49. Kb1 Rh1+ 50. Ka2 Ba5 51. Ra7 Bb6 52. Rxa6 Kc6 53. a4 bxa4
54. Rxa4 Kd5 55. Rb4 Bxd4 56. cxd4 Kxd4 57. Rb7 Rg1 58. Rh7 Rg4 59. Rd7+ Ke3 60.
b4 cxb3+ 61. Kxb3 h3 62. Rh7 Rg3 63. Kc4 e5 64. Kd5 e4 65. Rh4 Rg5+ 66. Kc4 Rg3
67. Kd5 Kf2 68. Kxe4 Kg2 69. Kf4 Rg8 {White resigns} 0-1

[Event "Team 45 45 League T37"]
[Site "Internet Chess Club"]
[Date "2008.05.03"]
[Round "2"]
[White "BigH"]
[Black "macdre"]
[Result "0-1"]
[WhiteElo "1532"]
[BlackElo "1905"]
[Opening "Sicilian: Hungarian variation"]
[ECO "B34"]
[Time "12:55:02"]
[TimeControl "2700+45"]

1. e4 c5 2. Nf3 g6 3. d4 Bg7 4. Be3 Nc6 5. Nc3 cxd4 6. Nxd4 Nf6 7. Qd2 O-O 8.
O-O-O Ng4 9. h4 Nxe3 10. Qxe3 Nxd4 11. Rxd4 Bxd4 12. Qxd4 Qb6 13. Qd2 h5 14. g4
Qd6 15. Qh6 Qe5 16. Be2 Qg7 17. Qg5 hxg4 18. Bxg4 f6 19. Qe3 d6 20. Be2 Be6 21.
f4 Kh7 22. h5 g5 23. f5 Bf7 24. h6 Qg8 25. Qd4 Bxa2 26. Nd5 Bxd5 27. exd5 Rfc8
28. Bh5 Rc5 29. Qe4 Qf8 30. Bg6+ Kh8 31. h7 Rac8 32. c3 Rc4 33. Qe3 b5 34. Kb1
b4 35. cxb4 Rxb4 36. Qxa7 Ra8 37. Qe3 Rba4 38. Kc2 Qc8+ 39. Kd2 Qb7 40. Qd3
Qxb2+ 41. Ke3 Qe5+ {White resigns} 0-1

[Event "Team 45 45 League T37"]
[Site "Internet Chess Club"]
[Date "2008.05.06"]
[Round "2"]
[White "wango"]
[Black "shakkiipe"]
[Result "0-1"]
[WhiteElo "1541"]
[BlackElo "1722"]
[Opening "Pirc: classical, h3 system"]
[ECO "B08"]
[Time "10:09:02"]
[TimeControl "2700+45"]

1. Nf3 d6 2. d4 Nf6 3. Nc3 g6 4. e4 Bg7 5. h3 O-O 6. Be3 a6 7. Qd2 b5 8. e5 dxe5
9. dxe5 Qxd2+ 10. Bxd2 Nfd7 11. Bf4 e6 12. Be2 Nc6 13. O-O-O Ndxe5 14. Nxe5 Nxe5
15. Bh2 c5 16. f4 Nd7 17. Bf3 Ra7 18. Ne4 e5 19. Rd2 exf4 20. Bxf4 f5 21. Ng5
Nf6 22. Bd6 Rd8 23. Bxc5 Rxd2 24. Kxd2 Rc7 25. Bb4 h6 26. Ba5 Rd7+ 27. Kc1 hxg5
28. Bc6 Rd6 29. Bf3 Ne4 30. Re1 g4 31. hxg4 Bh6+ 32. Kb1 Re6 33. Ka1 Bb7 34.
gxf5 gxf5 35. Rd1 Nd6 36. Bh5 Bg5 37. Bb4 Nc4 38. Rd8+ {White resigns} 0-1

[Event "Team 45 45 League T37"]
[Site "Internet Chess Club"]
[Date "2008.05.04"]
[Round "2"]
[White "PeteyDaddy"]
[Black "sdcohle"]
[Result "1-0"]
[WhiteElo "1168"]
[BlackElo "1399"]
[Opening "Réti: King's Indian attack (Barcza system)"]
[ECO "A07"]
[Time "21:58:35"]
[TimeControl "2700+45"]

1. Nf3 d5 2. g3 Nf6 3. Bg2 g6 4. O-O Bg7 5. d3 O-O 6. Nbd2 Nc6 7. e4 dxe4 8.
dxe4 e5 9. b3 b6 10. Bb2 Re8 11. Nc4 Bb7 12. Nfxe5 Nxe5 13. Bxe5 b5 14. Qxd8
Raxd8 15. Bxc7 Rd7 16. Nd6 Rxc7 17. Nxe8 Nxe8 18. Rac1 Nf6 19. Rfe1 Nd7 20. c4
b4 21. f4 Nc5 22. Rcd1 Re7 23. e5 Bxg2 24. Kxg2 a5 25. Rd5 Rc7 26. g4 h6 27. f5
gxf5 28. gxf5 Bf8 29. Kf3 a4 30. Rg1+ Kh7 31. Rd8 Nd7 32. e6 fxe6 33. fxe6 Ne5+
34. Ke4 Ng6 35. Rd7+ Rxd7 36. exd7 Be7 37. c5 Nf8 38. c6 Bd8 39. Rc1 Ne6 40. Kf5
Nc7 41. bxa4 Kg7 42. a5 Bg5 43. Rc4 Be7 44. a6 Nxa6 45. c7 Nxc7 46. Rxc7 Bd8 47.
Rc8 Be7 48. d8=Q Bxd8 49. Rxd8 h5 50. Rd4 Kh6 51. Rxb4 Kg7 52. a4 Kf7 53. a5 h4
54. a6 h3 55. a7 Ke7 56. a8=Q Kd6 57. Qa5 Kc6 58. Rb6+ Kc7 59. Qa7+ Kc8 60. Rb8#
{Black checkmated} 1-0

[Event "Team 45 45 League T37"]
[Site "Internet Chess Club"]
[Date "2008.05.02"]
[Round "2"]
[White "searchforbobby1"]
[Black "DumbSkillzhaha"]
[Result "1/2-1/2"]
[WhiteElo "2165"]
[BlackElo "2231"]
[Opening "Sicilian: Alapin's variation (2.c3)"]
[ECO "B22"]
[Time "21:10:53"]
[TimeControl "2700+45"]

1. e4 c5 2. c3 g6 3. Nf3 Bg7 4. d4 cxd4 5. cxd4 d5 6. e5 Bg4 7. Bb5+ Nc6 8. O-O
e6 9. h3 Bxf3 10. Bxc6+ bxc6 11. Qxf3 Qb6 12. Rd1 Ne7 13. Nc3 Nf5 14. Qd3 O-O
15. Na4 Qd8 16. Nc5 Qe7 17. g4 Nh4 18. Qg3 g5 19. f4 gxf4 20. Bxf4 Rab8 21. b3
Ng6 22. Rf1 Rb4 23. Be3 f6 24. Nd3 Rbb8 25. Rf3 fxe5 26. Rxf8+ Rxf8 27. dxe5 Qc7
28. Bc5 Rf7 29. Bd6 Qb6+ 30. Bc5 Qb5 31. Re1 Nxe5 32. Rxe5 Bxe5 33. Qxe5 Qxd3
34. Qg5+ Kh8 35. Qe5+ Kg8 36. Qg5+ Kh8 37. Qe5+ Kg8 38. Qg5+ {Game drawn by
repetition} 1/2-1/2

[Event "Team 45 45 League T37"]
[Site "Internet Chess Club"]
[Date "2008.05.01"]
[Round "2"]
[White "Gregorio"]
[Black "spacecadet"]
[Result "1/2-1/2"]
[WhiteElo "2108"]
[BlackElo "2219"]
[Opening "Sicilian: dragon, Yugoslav attack, 7...O-O"]
[ECO "B76"]
[Time "14:59:17"]
[TimeControl "2700+45"]

1. e4 c5 2. Nf3 d6 3. d4 cxd4 4. Nxd4 Nf6 5. Nc3 g6 6. f3 Bg7 7. Be3 O-O 8. Qd2
Nc6 9. Nxc6 bxc6 10. Bh6 Qa5 11. Bxg7 Kxg7 12. Bd3 e5 13. O-O Rb8 14. b3 d5 15.
f4 Qc5+ 16. Kh1 dxe4 17. Nxe4 Nxe4 18. Bxe4 f5 19. Bd3 e4 20. Bc4 Re8 21. Qc3+
Kh6 22. Rae1 Rd8 23. Qf6 Qd6 24. Qg5+ Kg7 25. Rd1 Qxd1 26. Qe7+ Kh6 27. Qg5+
{Game drawn by mutual agreement} 1/2-1/2

[Event "Team 45 45 League T37"]
[Site "Internet Chess Club"]
[Date "2008.05.06"]
[Round "2"]
[White "keisher415"]
[Black "Harmonicus"]
[Result "1-0"]
[WhiteElo "2061"]
[BlackElo "1948"]
[Opening "Ruy Lopez: exchange variation, 5.O-O"]
[ECO "C68"]
[Time "15:08:13"]
[TimeControl "2700+45"]

1. e4 e5 2. Nf3 Nc6 3. Bb5 a6 4. Bxc6 dxc6 5. O-O Qf6 6. d4 exd4 7. Bg5 Qd6 8.
e5 Qg6 9. Qxd4 Be7 10. Bxe7 Nxe7 11. Nc3 O-O 12. Ne1 Be6 13. Qb4 Nf5 14. Rd1 b6
15. Qa4 c5 16. Nf3 Nd4 17. Nxd4 cxd4 18. Qxd4 Qxc2 19. Rd2 Qg6 20. Nd5 Bxd5 21.
Qxd5 Rfe8 22. f4 Qe6 23. Rc1 Qxd5 24. Rxd5 Re7 25. Kf2 c5 26. Rcd1 Kf8 27. Rd6
Rb7 28. Kf3 Ke7 29. f5 Ke8 30. f6 g6 31. Kg4 Rc8 32. Kg5 h5 33. e6 c4 34. Kh6
fxe6 35. Kxg6 a5 36. Rxe6+ Kf8 37. Red6 Ke8 38. R1d5 b5 39. Rxh5 Rf7 40. Re6+
{Black resigns} 1-0

[Event "Team 45 45 League T37"]
[Site "Internet Chess Club"]
[Date "2008.05.04"]
[Round "2"]
[White "miltools"]
[Black "Archdruid"]
[Result "1-0"]
[WhiteElo "1915"]
[BlackElo "1827"]
[Opening "Sicilian: accelerated fianchetto, modern variation with Bc4"]
[ECO "B35"]
[Time "21:00:05"]
[TimeControl "2700+45"]

1. e4 c5 2. Nf3 Nc6 3. d4 cxd4 4. Nxd4 g6 5. Nc3 Bg7 6. Be3 Nf6 7. Bc4 O-O 8.
Bb3 Ng4 9. Qxg4 Nxd4 10. O-O-O Nxb3+ 11. axb3 d6 12. Qh4 Be6 13. Bh6 Qa5 14. Kb1
Rfe8 15. Bxg7 Kxg7 16. f4 f5 17. Rhe1 Rac8 18. exf5 Qxf5 19. h3 Bxb3 20. Rxe7+
Bf7 21. Rd5 Qf6 22. Qxf6+ Kxf6 23. Rxe8 Rxe8 24. Rxd6+ Kg7 25. b3 Rc8 26. Kb2
Rc7 27. Nb5 Rc5 28. Nxa7 Bd5 29. b4 Rc4 30. Rxd5 Rxb4+ 31. Kc3 Rxf4 32. Rd7+ Kh6
33. Nb5 Rf2 34. Rd2 Rf6 35. Kb4 b6 36. Nd4 Kg7 37. Kb5 h5 38. Nc6 Kh6 39. Kxb6
Kg5 40. c4 Kh4 41. c5 Kg3 42. Rd6 Rf2 43. Rxg6+ Kh2 44. Nd4 Rb2+ 45. Kc7 h4 46.
Nf3+ {Black resigns} 1-0

[Event "Team 45 45 League T37"]
[Site "Internet Chess Club"]
[Date "2008.05.05"]
[Round "2"]
[White "mitus"]
[Black "ChevalNoir"]
[Result "0-1"]
[WhiteElo "1922"]
[BlackElo "2004"]
[Opening "French: Rubinstein variation"]
[ECO "C10"]
[Time "17:01:05"]
[TimeControl "2700+45"]

1. e4 e6 2. d4 d5 3. Nc3 dxe4 4. Nxe4 Nd7 5. Nf3 Ngf6 6. Bg5 Be7 7. Nxf6+ Nxf6
8. Bc4 O-O 9. O-O b6 10. Re1 Bb7 11. c3 Rc8 12. Qe2 Nd5 13. Bxe7 Qxe7 14. Qe5
Rfd8 15. Qe4 c5 16. Bd3 Nf6 17. Qf4 Bxf3 18. gxf3 cxd4 19. cxd4 Qb4 20. Rac1
Qxb2 21. Rxc8 Rxc8 22. Ba6 Rd8 23. Qc7 Qxd4 24. Rc1 h5 25. Qxa7 Qd5 26. Qc7 Rd7
27. Qc8+ Kh7 28. Qc2+ g6 29. Kg2 Qg5+ 30. Kf1 Rd2 31. Qc7 Kg7 32. a3 Nd5 33. Qc4
Ne3+ {White resigns} 0-1

[Event "Team 45 45 League T37"]
[Site "Internet Chess Club"]
[Date "2008.05.09"]
[Round "2"]
[White "superbeast"]
[Black "QueensCounselor"]
[Result "1-0"]
[WhiteElo "1732"]
[BlackElo "1830"]
[Opening "English: symmetrical variation"]
[ECO "A38"]
[Time "16:28:49"]
[TimeControl "2700+45"]

1. c4 c5 2. g3 g6 3. Bg2 Bg7 4. Nc3 Nf6 5. Nf3 Nc6 6. a3 O-O 7. Rb1 a5 8. O-O d6
9. d3 Bd7 10. Bd2 Ne8 11. Qc1 Qc7 12. Nd5 Qd8 13. Bh6 Nc7 14. Qd2 e6 15. Nb6 Ra6
16. Bg5 f6 17. Nxd7 Qxd7 18. Be3 e5 19. h4 Ne6 20. b3 a4 21. b4 cxb4 22. axb4
Ne7 23. b5 Raa8 24. Qa2 Nf5 25. Bb6 Nc5 26. Rb4 Rfc8 27. Bh3 Qe7 28. e4 Nd7 29.
exf5 Nxb6 30. fxg6 Re8 31. c5+ d5 32. gxh7+ Kxh7 33. Bf5+ Kh8 34. Rc1 Bh6 35.
Rc2 d4 36. cxb6 Qxb4 37. Qf7 Re7 38. Qxf6+ Bg7 39. Qg6 Kg8 40. Rc7 Kf8 41. Ng5
Qb1+ 42. Kg2 {Black resigns} 1-0

[Event "Team 45 45 League T37"]
[Site "Internet Chess Club"]
[Date "2008.05.02"]
[Round "2"]
[White "andreip"]
[Black "PandorasBox"]
[Result "0-1"]
[WhiteElo "2069"]
[BlackElo "2106"]
[Opening "French: advance, Paulsen attack"]
[ECO "C02"]
[Time "15:48:03"]
[TimeControl "2700+45"]

1. e4 e6 2. d4 d5 3. e5 c5 4. c3 Nc6 5. Nf3 Nge7 6. a3 cxd4 7. cxd4 Qb6 8. b4
Nf5 9. Bb2 Bd7 10. Be2 Be7 11. O-O O-O 12. Kh1 f6 13. g4 Nh6 14. exf6 gxf6 15.
Rg1 Nf7 16. Nc3 Ng5 17. Na4 Qc7 18. Nxg5 fxg5 19. f3 b6 20. Rg3 Qf4 21. Rh3 Bf6
22. Qc2 Rf7 23. Bd3 Nxd4 24. Bxh7+ Kf8 25. Bxd4 Bxd4 26. Re1 Bxa4 27. Qxa4 Rxh7
28. Qc6 Re8 29. Rxe6 Rxe6 30. Qxe6 Qc1+ {White resigns} 0-1

[Event "Team 45 45 League T37"]
[Site "Internet Chess Club"]
[Date "2008.05.03"]
[Round "2"]
[White "pishd"]
[Black "cityprosecutor"]
[Result "0-1"]
[WhiteElo "1763"]
[BlackElo "1786"]
[Opening "Trompowsky attack (Ruth, Opocenský opening)"]
[ECO "A45"]
[Time "09:06:43"]
[TimeControl "2700+45"]

1. d4 Nf6 2. Bg5 c5 3. d5 Ne4 4. Bf4 Qb6 5. Bc1 e6 6. f3 Nf6 7. c4 exd5 8. cxd5
g6 9. Nc3 d6 10. e4 Bg7 11. Bc4 Nbd7 12. Nge2 O-O 13. Qb3 a6 14. Qxb6 Nxb6 15.
Bb3 Nfd7 16. O-O Ne5 17. Rd1 Kh8 18. Rb1 f5 19. Bg5 Re8 20. Ng3 Nf7 21. Be3 g5
22. Nh5 Bh6 23. Na4 Nxa4 24. Bxa4 b5 25. Bc2 f4 26. Bf2 Ne5 27. Rf1 Rf8 28. Be1
b4 29. b3 Bd7 30. Kh1 Be8 31. g4 fxg3 32. Nxg3 Bb5 33. Rf2 Nxf3 34. Nf5 Nxe1 35.
Rxe1 Bg7 36. Rg2 Bc3 37. Rb1 Rad8 38. Rxg5 Be2 39. Kg2 Bd2 40. Rg3 Bf4 41. Rh3
Bg4 42. Rd3 Rg8 43. Kh1 Rde8 44. Ng3 h5 45. Bd1 Bxg3 46. Rxg3 Rxe4 47. Bxg4
Rgxg4 48. Rd3 Re2 49. Rf1 Rxa2 50. Rf6 Ra1+ {White resigns} 0-1

[Event "Team 45 45 League T37"]
[Site "Internet Chess Club"]
[Date "2008.05.04"]
[Round "2"]
[White "gugamircea"]
[Black "Bill-W"]
[Result "1-0"]
[WhiteElo "1719"]
[BlackElo "1690"]
[Opening "Sicilian: accelerated fianchetto, exchange variation"]
[ECO "B34"]
[Time "12:01:34"]
[TimeControl "2700+45"]

1. e4 c5 2. Nf3 g6 3. d4 cxd4 4. Nxd4 Nc6 5. Nxc6 bxc6 6. Qd4 Nf6 7. e5 Nd5 8.
Bc4 Qb6 9. Qe4 Bg7 10. O-O O-O 11. Bxd5 cxd5 12. Qxd5 Bb7 13. Qxd7 Rad8 14. Qxe7
Rfe8 15. Qa3 Ba6 16. Be3 Qc6 17. Re1 Bb7 18. f3 Bxe5 19. Nc3 Qc7 20. Qxa7 Re6
21. Nb5 Qd7 22. Rad1 Qxd1 23. Rxd1 Rxd1+ 24. Kf2 Rd7 25. Nd4 Ra6 26. Qc5 Bg7 27.
a3 Rad6 28. c3 Rd5 29. Qc4 R5d6 30. b4 Ra6 31. Qb5 Rad6 32. a4 Ba6 33. Qg5 Rd5
34. Qg3 Be5 35. f4 Bg7 36. Ke1 Re7 37. Kd2 f5 38. Qf3 Bb7 39. Qf1 Red7 40. Qc4
Kh8 41. Kc2 R5d6 42. g3 Bd5 43. Qe2 Rc7 44. Nb5 Be4+ 45. Kb2 Rdc6 46. Nxc7 Rxc3
47. Ka2 Bd3 48. Qd2 Bc4+ 49. Kb1 Bd3+ 50. Kb2 Rxc7+ 51. Kb3 Rc3+ 52. Qxc3 Bxc3
53. Kxc3 Be2 54. b5 Kg7 55. Kd4 Kf7 56. Kc5 Ke7 57. Kc6 Bf3+ 58. Kc7 {Black
resigns} 1-0

[Event "Team 45 45 League T37"]
[Site "Internet Chess Club"]
[Date "2008.05.02"]
[Round "2"]
[White "jacknor"]
[Black "Victorianum"]
[Result "1/2-1/2"]
[WhiteElo "1643"]
[BlackElo "1709"]
[Opening "Caro-Kann: exchange variation"]
[ECO "B13"]
[Time "09:09:39"]
[TimeControl "2700+45"]

1. e4 c6 2. d4 d5 3. exd5 cxd5 4. Nf3 Nf6 5. Bg5 e6 6. Nbd2 Be7 7. Bd3 h6 8. Bf4
Nc6 9. O-O Bd6 10. Bxd6 Qxd6 11. a3 O-O 12. c4 dxc4 13. Nxc4 Qf4 14. Qc1 Qg4 15.
Nce5 Nxe5 16. dxe5 Nd5 17. h3 Qh5 18. Kh2 f5 19. Nd4 Bd7 20. Bb5 Rac8 21. Qd2
Bxb5 22. Nxb5 a6 23. Nd6 Rc7 24. Rac1 f4 25. Rxc7 Nxc7 26. Nxb7 Qxe5 27. Re1 Qf6
28. Qc3 Qxc3 29. bxc3 Kf7 30. Nc5 Re8 31. a4 Nd5 32. Ne4 Ke7 33. Rb1 Rc8 34.
Rb7+ Rc7 35. Rxc7+ Nxc7 {Game drawn by mutual agreement} 1/2-1/2